 Dungeon Crawl Stone Soup version 0.27-a0-972-gd1521fd518 (webtiles) character file.

Game seed: 3162524132277925408

65 robertstho the Magician (level 4, -5/31 HPs)
             Began as a Djinni Fire Elementalist on Apr 13, 2021.
             Slain by a bullfrog (7 damage)
             ... on level 3 of the Dungeon.
             The game lasted 00:02:58 (2646 turns).

robertstho the Magician (Djinni Fire Elementalist)  Turns: 2646, Time: 00:02:59

Health: -5/31      AC:  2    Str:  7    XL:     4   Next: 14%
Gold:   113        EV: 12    Int: 18    God:
                   SH:  0    Dex: 13

rFire    + + .     SeeInvis .   f - +0 dagger
rCold    x . .     Faith    .   (no shield)
rNeg     . . .     Spirit   .   a - +0 robe
rPois    ∞         Reflect  .   (no helmet)
rElec    .         Harm     .   (no cloak)
rCorr    .         Rampage  .   (no gloves)
Will     .....                  (boots unavailable)
Stlth    ++........             (no amulet)
HPRegen  0.10/turn              (no ring)
MPRegen  0.00/turn              (no ring)

@: flying, very slightly contaminated
A: fire resistance 2, cold vulnerability 1, float, innate caster, hp casting,
extra vitality 1
a: no special abilities


You were on level 3 of the Dungeon.
You visited 1 branch of the dungeon, and saw 3 of its levels.

You collected 113 gold pieces.

Inventory:

Hand Weapons
 f - a +0 dagger (weapon)
Armour
 a - a +0 robe (worn)
Scrolls
 b - a scroll of holy word {unknown}
 c - a scroll of amnesia {unknown}
 d - a scroll of teleportation {unknown}
 e - a scroll of fog {unknown}
 h - a scroll of magic mapping {unknown}
Potions
 g - a potion of mutation


   Skills:
 + Level 2.5 Dodging
 + Level 1.7 Stealth
 + Level 4.0 Spellcasting


You couldn't memorise any spells.
You knew the following spells:

 Your Spells              Type           Power      Damage    Failure   Level
a - Foxfire               Conj/Fire      72%        2x1d7     2%          1
b - Conjure Flame         Conj/Fire      18%        6-21      9%          3
c - Inner Flame           Hex/Fire       18%        N/A       9%          3
d - Sticky Flame          Conj/Fire      18%        2d4       28%         4
e - Fireball              Conj/Fire      9%         3d6       61%         5
f - Pain                  Necr           72%        1d7       2%          1
Your spell library was empty.

Dungeon Overview and Level Annotations

Branches:
Dungeon (3/15)

Altars:


Innate Abilities, Weirdness & Mutations

You are immune to poison.
Your flesh is very heat resistant. (rF++)
You are vulnerable to cold. (rC-)
You float through the air rather than walking.
You learn spells naturally, not from books.
Your magical power is your life essence.
You have superior vitality. (+4 HP)


Message History

A bullfrog comes into view.
The bullfrog gives a loud, deep croak!
There is an open door here.
A bullfrog is nearby!
A bullfrog is nearby!
A bullfrog is nearby!
A bullfrog is nearby!
Casting: Foxfire (safe; 2% risk of failure)
Confirm with . or Enter, or press ? or * to list all spells.
You conjure some foxfire!
The foxfire hits the bullfrog.
The bullfrog is moderately wounded.
The foxfire hits the bullfrog!
The bullfrog is heavily wounded.
Casting: Foxfire (safe; 2% risk of failure)
Confirm with . or Enter, or press ? or * to list all spells.
You conjure some foxfire!
The bullfrog hits you. The bullfrog completely misses you.
The foxfire hits the bullfrog.
The bullfrog is severely wounded.
The foxfire hits the bullfrog.
The bullfrog is severely wounded.
The bullfrog closely misses you.
Casting: Foxfire (safe; 2% risk of failure)
Confirm with . or Enter, or press ? or * to list all spells.
You miscast Foxfire.
You are very lightly contaminated with residual magic.
Nothing appears to happen.
The bullfrog hits you! The bullfrog closely misses you. The bullfrog hits you!
* * * LOW HITPOINT WARNING * * *
Unknown command.
Casting: Foxfire (safe; 2% risk of failure)
Confirm with . or Enter, or press ? or * to list all spells.
You conjure some foxfire!
* * * LOW HITPOINT WARNING * * *
The bullfrog hits you.
* * * LOW HITPOINT WARNING * * *
The bullfrog hits you!
You die...

>.####### .........
#.......# ##.......#
#........# #..... #
#........######.##.# ...
#.............#.##...
.....###..v.........#....#.
.......'.F@.........#.##.#.
.....###.v..........#.##...
..F #............#.##.#. .
####'#.#######....#. #.#.#
#.##.#. #.#.# ##.##...
#.#.######..##.#.
#.#.........##.#.
#.#######.#......


You could see a bullfrog (ally target).

Vanquished Creatures
  An adder (D:2)
  2 worms (D:2)
  2 dart slugs (D:1)
  An orc (D:3)
  5 endoplasms
  A giant cockroach (D:2)
  6 goblins
  5 hobgoblins
  4 quokkas
  5 ball pythons
  3 bats
  4 frilled lizards
  A kobold (D:2)
  3 rats
43 creatures vanquished.

Vanquished Creatures (collateral kills)
  9 foxfires (D:1)
9 creatures vanquished.

Vanquished Creatures (others)
  143 foxfires
  4 plants (D:1)
147 creatures vanquished.

Grand Total: 199 creatures vanquished

Notes
Turn   | Place    | Note
-------+----------+-------------------------------------------
     0 | D:1      | robertstho the Djinni Fire Elementalist began the quest for
                  | the Orb.
     0 | D:1      | Reached XP level 1. HP: 15/15 MP: 0/0
   161 | D:1      | Reached skill level 3 in Spellcasting
   173 | D:1      | Reached XP level 2. HP: 19/21 MP: 0/0
   945 | D:1      | Reached XP level 3. HP: 16/25 MP: 0/0
   945 | D:1      | Learned a level 1 spell: Pain
  1474 | D:2      | Found a faded altar of an unknown god.
  2047 | D:2      | Reached XP level 4. HP: 29/31 MP: 0/0
  2452 | D:3      | Reached skill level 4 in Spellcasting
  2636 | D:3      | Noticed a bullfrog
  2646 | D:3      | Slain by a bullfrog

Illustrated notes

Levels and vault maps discovered:
D:1:      minmay_arrival_open_corners, layout_basic, serial_forest,
          infiniplex_forest_clump_small, infiniplex_forest_pool,
          infiniplex_forest_zigzag_1, infiniplex_forest_clump_long,
          infiniplex_forest_clump_small
D:2:      layout_loops_ring, chequers_ecumenical_altar_grove, kennysheep_boxes
D:3:      layout_basic, amethyst_overflow_temple_binary,
          gammafunk_ghost_abyssal_escape, minmay_misc_feat_cross,
          dk_noncrumbling_3, minmay_diced_spiral, uniq_robin

Skill      XL: |  1  2  3  4 |
---------------+-------------+-----
Spellcasting   | 3 4 |  4.0
Dodging        | |  2.5
Stealth        | |  1.7

Action                   |  1- 3 |  4- 6 || total
-------------------------+-------+-------++-------
Melee: Unarmed           |     5 |       ||     5
 Cast: Foxfire           |    78 |    13 ||    91
  Use: Scroll            |       |     1 ||     1
Dodge: Dodged            |     6 |     3 ||     9

Table legend: (Time is in decaauts)
 A = Elapsed time spent in this place.
 B = Non-inter-level travel time spent in this place.
 C = Inter-level travel time spent in this place.
 D = Time resting spent in this place.
 E = Time spent auto-exploring this place.
 F = Levels seen in this place.
 G = Mean time per level.
                   A        B        C        D        E       F      G
               +--------+--------+--------+--------+--------+-----+--------+
         Total |   2645 |   2578 |     67 |      0 |   2290 |   3 |  881.7 |
       Dungeon |   2645 |   2578 |     67 |      0 |   2290 |   3 |  881.7 |
               +--------+--------+--------+--------+--------+-----+--------+

Top non-repeatable levels by time:
     D:1: 1223 daAuts
     D:2: 1169 daAuts
     D:3: 252 daAuts
